 Dungeon Crawl Stone Soup version 0.28-a0-556-gab23d0e057 (webtiles) character file.

Game seed: 6910917667292238107

6560 BR41ND34D the Thaumaturge (level 10, -2/50 HPs)
             Began as a Deep Elf Summoner on Sept 29, 2021.
             Was a Follower of Sif Muna.
             Slain by an orc knight (24 damage)
             ... on level 9 of the Dungeon.
             The game lasted 01:22:36 (11204 turns).

BR41ND34D the Thaumaturge (Deep Elf Summoner)      Turns: 11204, Time: 01:22:38

Health: -2/50      AC:  9    Str:  5    XL:     10   Next: 70%
Magic:  22/27      EV: 14    Int: 24    God:    Sif Muna [*.....]
Gold:   539        SH:  0    Dex: 15    Spells: 16/32 levels left

rFire   . . .      SeeInvis .   a - +4 spear
rCold   . . .      Faith    .   (no shield)
rNeg    . . .      Spirit   .   H - +1 troll leather armour
rPois   .          Reflect  .   k - +0 helmet
rElec   .          Harm     .   i - scarf {shadows}
rCorr   +          Rampage  .   (no gloves)
Will    +....                   J - +2 pair of boots
Stlth   ++++......              (no amulet)
HPRegen 1.16/turn               M - ring of wizardry
MPRegen 0.20/turn               K - ring of resist corrosion

@: studying Polearms
A: no striking features
a: Renounce Religion, Channel Magic


You were on level 9 of the Dungeon.
You worshipped Sif Muna.
Sif Muna was aware of your devotion.
You visited 2 branches of the dungeon, and saw 10 of its levels.

You collected 539 gold pieces.

Inventory:

Hand Weapons
 a - a +4 spear (weapon)
 b - a +0 scimitar of draining
 x - a +2 dagger of draining
 F - a +1 spear
Missiles
 j - 4 throwing nets
 w - 14 poisoned darts
 I - a curare-tipped dart
 L - 2 atropa-tipped darts
Armour
 g - +0 steam dragon scales
 i - a scarf of shadows (worn)
 k - a +0 helmet (worn)
 G - a +1 robe of positive energy
 H - a +1 troll leather armour (worn)
 J - a +2 pair of boots (worn)
 O - the +0 leather armour "Tijiolur" {Dex+3}
   (You took it off an orc on level 9 of the Dungeon)

   Dex:       It affects your dexterity (+3).
Magical Staves
 y - a staff of earth
 Q - a staff of fire
Jewellery
 K - a ring of resist corrosion (right hand)
 M - a ring of wizardry (left hand)
Wands
 m - a wand of acid (6)
 t - a wand of polymorph (8)
 v - a wand of iceblast (10)
 E - a wand of digging (6)
Scrolls
 d - a scroll of teleportation {unknown}
 e - a scroll of fog
 f - a scroll of vulnerability {unknown}
 h - 2 scrolls of noise {unknown}
 l - 5 scrolls of enchant weapon
 n - a scroll of acquirement {unknown}
 q - 3 scrolls of amnesia {unknown}
 s - a scroll of brand weapon {unknown}
 u - a scroll of immolation {unknown}
 A - a scroll of blinking {unknown}
Potions
 c - a potion of lignification {unknown}
 o - a potion of brilliance {unknown}
 p - 4 potions of curing
 r - 2 potions of heal wounds {unknown}
 z - a potion of flight
 B - a potion of resistance
 C - a potion of might {unknown}
 D - a potion of berserk rage {unknown}
 N - 2 potions of degeneration {unknown}
 P - a potion of mutation {unknown}
Miscellaneous
 R - a box of beasts


   Skills:
 * Level 0.0 Armour
 + Level 7.8 Dodging
 - Level 8.0 Stealth
 * Level 11.9 Spellcasting
 + Level 3.3 Conjurations
 * Level 10.6 Summonings
 - Level 3.0 Translocations
 - Level 3.0 Air Magic
 - Level 3.0 Poison Magic


You had 16 spell levels left.
You knew the following spells:

 Your Spells              Type           Power      Damage    Failure   Level
a - Summon Small Mammal   Summ           100%       N/A       1%          1
b - Call Imp              Summ           60%        N/A       1%          2
c - Call Canine Familiar  Summ           60%        N/A       1%          3
d - Summon Lightning Spi  Summ/Air       47%        N/A       1%          4
e - Mephitic Cloud        Conj/Pois/Air  29%        N/A       2%          3
f - Teleport Other        Tloc           28%        N/A       2%          3

Your spell library contained the following spells:

 Spells                   Type           Power      Damage    Failure   Level
 Summon Guardian Golem    Hex/Summ       39%        N/A       1%          3
 Ensorcelled Hibernation  Hex/Ice        28%        N/A       4%          2
 Portal Projectile        Hex/Tloc       42%        N/A       4%          3
 Ignite Poison            Fire/Tmut/Pois 19%        N/A       6%          3
 Inner Flame              Hex/Fire       14%        N/A       9%          3
 Tukima's Dance           Hex            14%        N/A       9%          3
 Passage of Golubria      Tloc           N/A        N/A       9%          4
 Manifold Assault         Tloc           28%        N/A       24%         5
 Cause Fear               Hex            7%         N/A       28%         4
 Freezing Cloud           Conj/Ice/Air   12%        6-21      32%         5
 Blade Hands              Tmut           7%         N/A       58%         5
 Excruciating Wounds      Necr           7%         N/A       58%         5
 Spellforged Servitor     Conj/Summ      24%        N/A       77%         7
 Orb of Destruction       Conj           15%        9d7       99%         7
 Discord                  Hex            7%         N/A       100%        8
 Disjunction              Tloc           14%        N/A       100%        8


Dungeon Overview and Level Annotations

Branches:
Dungeon (9/15)             Temple (1/1) D:7
   Lair: D:8-11         Orc: D:9-12

Altars:
Ashenzari
Dithmenos
Fedhas
Makhleb
Nemelex Xobeh
Qazlal
Ru
Sif Muna
Uskayaw
Vehumet
Xom
Zin
The Shining One


Message History

Gang up on whom?
Press: ? - help, Dir - move target, f - orc knight
Aim: an orc knight, wielding a +0 long sword, wearing the +4 ring mail of Infinity {-Cast Str+8} and quivering poisoned darts (ally target) Attack!
The orc knight throws a poisoned dart.
The poisoned dart hits your crimson imp!
Your crimson imp is poisoned.
Your wolf barely misses the orc knight.
Your crimson imp barely misses the orc knight.
Your wolf bites the orc knight.
The orc knight hits your crimson imp with a +0 long sword!!
Your crimson imp dies!
Your crimson imp disappears in a puff of smoke!
Your wolf bites the orc knight.
Casting: Call Imp (safe; 1% risk of failure)
Confirm with . or Enter, or press ? or * to list all spells.
A beastly little devil appears in a puff of frigid air.
Your wolf dies!
Your wolf's corpse disappears in a puff of smoke!
Casting: Call Imp (safe; 1% risk of failure)
Confirm with . or Enter, or press ? or * to list all spells.
The orc knight closely misses you.
You hit the orc knight.
The orc knight is lightly wounded.
Your wolf closely misses the orc knight.
The orc knight closely misses you.
Your white imp gestures at the orc knight.
The puff of frost hits the orc knight!
You hit the orc knight but do no damage.
The orc knight is moderately wounded.
Your wolf misses the orc knight.
The orc knight hits you with a +0 long sword!
Your wolf bites the orc knight but does no damage.
Your white imp hits the orc knight but does no damage.
You hit the orc knight but do no damage.
The orc knight is moderately wounded.
Your wolf bites the orc knight.
The orc knight hits you with a +0 long sword!!
Your wolf bites the orc knight.
Your white imp misses the orc knight.
The orc knight hits you with a +0 long sword!!
You die...

#.# .# #. #.# ..
.# ## #. #.# .#
#####.... #< #.#
..# ...#.#. #.
#.###..# ..#.. #
#. .#)....# #
#.#.#.#.# #o
#.#).#.#.##.
#.#....## #.
#.#..#...#..
##5oh..... #o
#.#..#.#
#..###.@#...... #o
#.#....#
#.......#......
..#....#
##.....##.#.##.
.......# ##†.###
(.... ##.#####
##.## ## #.#
#...#.## ##.#.# .#
.#.#...###.#.#.#
#.#.#.###.##.##.#
.....#.#.##.}.##.#


You could see an orc knight (ally target), a friendly wolf (summoned) and a
friendly white imp (summoned).

Vanquished Creatures
  A yak (D:9)
  A sky beast (D:8)
  2 killer bees (D:9)
  A wight (D:9)
  2 centaur zombies (D:9)
  An adder (D:3)
  2 orcs (D:9)
  2 ball pythons
  An endoplasm (D:1)
  A jackal (D:3)
  A quokka (D:1)
  A goblin (D:2)
16 creatures vanquished.

Vanquished Creatures (collateral kills)
  Harold (D:7)
  A wizard (D:9)
  2 centaur zombies
  Maggie (D:9)
  2 trolls (D:9)
  A slime creature (D:9)
  2 yaks (D:9)
  2 fire bats (D:5)
  3 water moccasins
  An orc warrior (D:9)
  A sky beast (D:7)
  5 centaurs
  3 ogres (D:5)
  A kobold brigand (D:7)
  5 bullfrogs
  2 gnoll sergeants
  3 scorpions
  A wyvern zombie (D:9)
  A water moccasin skeleton (D:4)
  4 killer bees (D:9)
  4 wights (D:9)
  3 jellies
  2 centaur skeletons (D:7)
  A bullfrog skeleton (D:7)
  4 orc priests
  5 hounds
  A gnoll shaman (D:7)
  3 iguanas
  4 orc wizards
  2 hound skeletons (D:5)
  Robin (D:2)
  11 gnolls
  6 adders
  A shadow imp (D:7)
  3 white imps
  An adder zombie (D:5)
  A worm (D:4)
  14 orcs
  2 ball pythons (D:1)
  5 endoplasms
  2 giant cockroaches
  6 hobgoblins
  3 jackals
  2 quokkas
  2 bats (D:1)
  3 frilled lizards
  13 goblins
  8 kobolds
  3 rats
  A bush (D:7)
159 creatures vanquished.

Vanquished Creatures (others)
  6 plants (D:7)
6 creatures vanquished.

Grand Total: 181 creatures vanquished

Notes
Turn   | Place    | Note
-------+----------+-------------------------------------------
     0 | D:1      | BR41ND34D the Deep Elf Summoner began the quest for the
                  | Orb.
     0 | D:1      | Reached XP level 1. HP: 10/10 MP: 6/6
   560 | D:1      | Reached XP level 2. HP: 15/15 MP: 5/8
   567 | D:1      | Learned a level 2 spell: Call Imp
  1478 | D:2      | Noticed Robin
  1484 | D:2      | Killed Robin
  1485 | D:2      | Reached XP level 3. HP: 19/19 MP: 8/10
  1673 | D:2      | Reached skill level 4 in Spellcasting
  1677 | D:2      | Learned a level 3 spell: Call Canine Familiar
  2391 | D:3      | Noticed a +0 hand axe
  2542 | D:3      | Reached skill level 5 in Summonings
  2569 | D:3      | Noticed a +0 hand axe
  2611 | D:3      | Found a hide-covered altar of Uskayaw.
  2702 | D:3      | Reached XP level 4. HP: 24/24 MP: 8/12
  2707 | D:3      | Learned a level 4 spell: Summon Lightning Spire
  3293 | D:4      | Reached XP level 5. HP: 24/28 MP: 10/14
  3347 | D:4      | Reached skill level 5 in Spellcasting
  3347 | D:4      | Reached skill level 1 in Air Magic
  3649 | D:4      | Reached XP level 6. HP: 32/32 MP: 12/15
  3801 | D:4      | You fall into a shaft and drop 1 floor!
  3801 | D:5      | Entered Level 5 of the Dungeon
  4704 | D:5      | Reached skill level 6 in Spellcasting
  4773 | D:5      | Reached XP level 7. HP: 36/36 MP: 12/18
  4982 | D:5      | Found a transporter.
  4988 | D:5      | Noticed a fire bat
  4988 | D:5      | Noticed a fire bat
  5035 | D:5      | Reached skill level 5 in Stealth
  5117 | D:5      | Reached skill level 7 in Spellcasting
  5144 | D:5      | Found a transporter.
  5769 | D:6      | Reached XP level 8. HP: 38/41 MP: 17/20
  5895 | D:6      | Found a shimmering blue altar of Sif Muna.
  5958 | D:6      | Reached skill level 5 in Dodging
  6053 | D:6      | Became a worshipper of Sif Muna the Loreminder
  6516 | D:7      | Reached skill level 8 in Spellcasting
  6829 | D:7      | Reached skill level 9 in Spellcasting
  6871 | D:7      | Reached XP level 9. HP: 45/45 MP: 21/24
  6892 | D:7      | Reached * piety under Sif Muna
  7292 | D:7      | Found a staircase to the Ecumenical Temple.
  7297 | Temple   | Entered the Ecumenical Temple
  7611 | D:7      | Noticed Harold
  7624 | D:7      | HP: 1/45 [Harold/harpoon shot (15)]
  7633 | D:7      | Killed Harold
  7634 | D:7      | Reached skill level 10 in Spellcasting
  7944 | D:7      | Found a glowing silver altar of Zin.
  8256 | D:8      | Learned a level 3 spell: Mephitic Cloud
  8432 | D:8      | Got the Papyrus of Translocation
  9705 | D:5      | Reached skill level 1 in Conjurations
  9705 | D:5      | Reached skill level 1 in Translocations
  9705 | D:5      | Reached skill level 1 in Poison Magic
 10267 | D:9      | Noticed Maggie
 10291 | D:9      | Reached XP level 10. HP: 50/50 MP: 18/26
 10297 | D:9      | Killed Maggie
 10444 | D:9      | Reached skill level 11 in Spellcasting
 10545 | D:9      | Reached skill level 10 in Summonings
 10750 | D:9      | Found a sacrificial altar of Ru.
 10791 | D:9      | Learned a level 3 spell: Teleport Other
 10822 | D:9      | Identified the +0 leather armour "Tijiolur" {Dex+3}
 10970 | D:9      | Noticed a wizard
 10993 | D:9      | Killed a wizard
 11192 | D:9      | Identified the +4 ring mail of Infinity {-Cast Str+8}
 11192 | D:9      | Noticed an orc knight
 11204 | D:9      | Slain by an orc knight

Illustrated notes

Levels and vault maps discovered:
D:1:      saegor_arrival_under_anarchy, layout_basic, minmay_misc_feat_cross
D:2:      minmay_skewed_foursquare, layout_loops_ring, uniq_robin
D:3:      layout_basic, dancing_weapons_uskayaw
D:4:      layout_layer_cave
D:5:      gammafunk_cloud_chamber, layout_cave_pools, dk_noncrumbling_2,
          serial_bayou_pond_d
D:6:      layout_loops_ring, led_sif_pool, nrook_campfire,
          minmay_misc_feat_rugged
D:7:      layout_loops_cross, mainiacjoe_overflow_small_starburst,
          minmay_temple_entry_overgrown, uniq_harold
D:8:      layout_basic
D:9:      minmay_the_grid_net [minmay_the_grid_aliased_spiral,
          minmay_the_grid_large_cup, minmay_the_grid_dragon_b,
          minmay_the_grid_embedded, minmay_the_grid_diamond_grid,
          minmay_the_grid_prize_diamond_cup], layout_loops_ring, minitemple,
          lemuel_tele_altar, uniq_maggie
Temple:   nicolae_temple_figure_zero

Skill      XL: |  1  2  3  4  5  6  7  8  9 10 |
---------------+-------------------------------+-----
Stealth        | 3 4 5 6 7 8 |  8.0
Spellcasting   | 4 5 6 7 9 10 11 | 11.9
Summonings     | 5 6 7 8 9 10 | 10.6
Dodging        | 3 4 5 7 |  7.8
Air Magic      | 1 2 3 |  3.0
Conjurations   | 1 3 |  3.3
Translocations | 1 3 |  3.0
Poison Magic   | 1 3 |  3.0

Action                   |  1- 3 |  4- 6 |  7- 9 | 10-12 || total
-------------------------+-------+-------+-------+-------++-------
Melee: Unarmed           |    23 |       |       |       ||    23
       Spear             |    30 |    25 |   167 |    48 ||   270
 Fire: Hand crossbow     |       |       |     2 |       ||     2
 Cast: Summon Small Mamm |    19 |     4 |     1 |     1 ||    25
       Call Imp          |    12 |     8 |    24 |     7 ||    51
       Call Canine Famil |     5 |    14 |    39 |    14 ||    72
       Summon Lightning  |       |       |     6 |     4 ||    10
       Mephitic Cloud    |       |       |     2 |     9 ||    11
       Teleport Other    |       |       |       |     1 ||     1
  Use: Scroll            |       |       |     6 |     1 ||     7
       Potion            |       |       |     2 |       ||     2
 Stab: Sleeping          |     2 |     1 |     1 |       ||     4
       Distracted        |       |     2 |     3 |     1 ||     6
       Confused          |       |       |       |     4 ||     4
Armor: Robe              |    16 |     8 |    32 |       ||    56
       Troll leather arm |       |       |       |    10 ||    10
       Steam dragon scal |       |       |       |     2 ||     2
Dodge: Dodged            |    30 |    19 |    85 |    50 ||   184

Table legend: (Time is in decaauts)
 A = Elapsed time spent in this place.
 B = Non-inter-level travel time spent in this place.
 C = Inter-level travel time spent in this place.
 D = Time resting spent in this place.
 E = Time spent auto-exploring this place.
 F = Levels seen in this place.
 G = Mean time per level.
                   A        B        C        D        E       F      G
               +--------+--------+--------+--------+--------+-----+--------+
         Total |  11242 |  10700 |    542 |   1921 |   6399 |  10 | 1124.2 |
       Dungeon |  11079 |  10542 |    537 |   1921 |   6286 |   9 | 1231.0 |
        Temple |    163 |    159 |      4 |      0 |    113 |   1 |  163.0 |
               +--------+--------+--------+--------+--------+-----+--------+

Top non-repeatable levels by time:
     D:7: 1650 daAuts
     D:8: 1427 daAuts
     D:5: 1367 daAuts
     D:1: 1334 daAuts
     D:6: 1274 daAuts
     D:4: 1160 daAuts
     D:2: 1050 daAuts
     D:9: 947 daAuts
     D:3: 865 daAuts
  Temple: 163 daAuts
